TOP OF THE 1ST |
Cincinnati (NYP) Reds batting - Pitching for Rome Braves : RHP Jimmy Loudner
|
Pitching: RHP Jimmy Loudner
|
|
Batting: LHB Jeremy Robertson
|
0-0: Foul Ball, location: 2F 0-1: Ground out 4-3 (Groundball, 4, EV 94.4 MPH)
|
Batting: LHB Jason Pirkle
|
0-0: Ball 1-0: Ball 2-0: Ball 3-0: Called Strike 3-1: Base on Balls
|
Batting: LHB Matt Kennedy
|
0-0: Ball Jason Pirkle steals 2nd base 1-0: Ball 2-0: Ball 3-0: Called Strike 3-1: Foul Ball, location: 2F 3-2: Strikes out looking
|
Batting: RHB Pat McCoy
|
0-0: Ball 1-0: Fly out, F9 (Flyball, 9D, EV 111.2 MPH)
|
Top of the 1st over - 0 runs, 0 hits, 0 errors, 1 left on base; Cincinnati (NYP) 0 - Rome 0 |
BOTTOM OF THE 1ST |
Rome Braves batting - Pitching for Cincinnati (NYP) Reds : RHP Tim Bant
|
Pitching: RHP Tim Bant
|
|
Batting: RHB Rafael Reyes
|
0-0: Foul Ball, location: 2F 0-1: Fly out, F9 (Flyball, 9, EV 91.9 MPH)
|
Batting: RHB Gebre-Giorgios Wangondu
|
0-0: Called Strike 0-1: Called Strike 0-2: Strikes out looking
|
Batting: LHB Tamaichi Sasada
|
0-0: Ball 1-0: Ground out 4-3 (Groundball, 4, EV 91.9 MPH)
|
Bottom of the 1st over - 0 runs, 0 hits, 0 errors, 0 left on base; Cincinnati (NYP) 0 - Rome 0 |
TOP OF THE 2ND |
Cincinnati (NYP) Reds batting - Pitching for Rome Braves : RHP Jimmy Loudner
|
Batting: LHB Steven Wamble
|
0-0: Ball 1-0: Foul Ball, location: 2F 1-1: Foul Ball, location: 2F 1-2: SINGLE (Groundball, 4MD, EV 100.6 MPH)
|
Batting: RHB John Galluzzo
|
0-0: Called Strike 0-1: Ball 1-1: Ground out 5-3 (Groundball, 56S, EV 93.1 MPH) Steven Wamble to second
|
Batting: RHB Alex Villagomez
|
0-0: Called Strike 0-1: Foul Ball, location: 2F 0-2: Ball 1-2: Ball 2-2: Fly out, F8 (Flyball, 8LD, EV 86.2 MPH)
|
Batting: RHB Yasusaburo Kuwahara
|
0-0: Swinging Strike 0-1: Ball 1-1: Called Strike 1-2: Strikes out swinging
|
Top of the 2nd over - 0 runs, 1 hit, 0 errors, 1 left on base; Cincinnati (NYP) 0 - Rome 0 |
BOTTOM OF THE 2ND |
Rome Braves batting - Pitching for Cincinnati (NYP) Reds : RHP Tim Bant
|
Batting: RHB Tim Molchan
|
0-0: Called Strike 0-1: Ball 1-1: Ball 2-1: Ground out U3 (Groundball, 3, EV 80.6 MPH)
|
Batting: RHB Costantino Dolfini
|
0-0: SINGLE (Groundball, 5L, EV 83.8 MPH) (infield hit)
|
Batting: RHB Dave Pizarro
|
0-0: Fly out, F8 (Flyball, 8RM, EV 92.5 MPH)
|
Batting: RHB Adonis Jenifer
|
0-0: Ball Balk! Costantino Dolfini to second 1-0: Foul Ball, location: 2F 1-1: Ball 2-1: Called Strike 2-2: Foul Ball, location: 2F 2-2: Ball 3-2: Strikes out swinging
|
Bottom of the 2nd over - 0 runs, 1 hit, 0 errors, 1 left on base; Cincinnati (NYP) 0 - Rome 0 |
TOP OF THE 3RD |
Cincinnati (NYP) Reds batting - Pitching for Rome Braves : RHP Jimmy Loudner
|
Batting: RHB John Hopkins
|
0-0: Ball 1-0: Swinging Strike 1-1: Ball 2-1: Swinging Strike 2-2: Foul Ball, location: 2F 2-2: Strikes out swinging
|
Batting: LHB Jeremy Robertson
|
0-0: Foul Ball, location: 2F 0-1: Called Strike 0-2: Fly out, F7 (Flyball, 78S, EV 90.0 MPH)
|
Batting: LHB Jason Pirkle
|
0-0: Called Strike 0-1: Foul Ball, location: 2F 0-2: SINGLE (Groundball, 25, EV 69.4 MPH) (infield hit)
|
Batting: LHB Matt Kennedy
|
0-0: Called Strike 0-1: Called Strike Jason Pirkle is caught stealing 2nd base 2-6
|
Top of the 3rd over - 0 runs, 1 hit, 0 errors, 0 left on base; Cincinnati (NYP) 0 - Rome 0 |
BOTTOM OF THE 3RD |
Rome Braves batting - Pitching for Cincinnati (NYP) Reds : RHP Tim Bant
|
Batting: RHB Alex Campos
|
0-0: Foul Ball, location: 2F 0-1: Ball 1-1: Foul Ball, location: 2F 1-2: Strikes out looking
|
Batting: RHB Tetsuro Sato
|
0-0: Ball 1-0: Ball 2-0: Called Strike 2-1: Swinging Strike 2-2: Strikes out looking
|
Batting: RHB Rafael Reyes
|
0-0: Fly out, F9 (Flyball, 9, EV 92.5 MPH)
|
Bottom of the 3rd over - 0 runs, 0 hits, 0 errors, 0 left on base; Cincinnati (NYP) 0 - Rome 0 |
TOP OF THE 4TH |
Cincinnati (NYP) Reds batting - Pitching for Rome Braves : RHP Jimmy Loudner
|
Batting: LHB Matt Kennedy
|
0-0: Ball 1-0: Foul Ball, location: 2F 1-1: Called Strike 1-2: Ball 2-2: Foul Ball, location: 2F 2-2: Strikes out looking
|
Batting: RHB Pat McCoy
|
0-0: Called Strike 0-1: Foul Ball, location: 2F 0-2: Ball 1-2: Ground out 4-3 (Groundball, 4, EV 88.8 MPH)
|
Batting: LHB Steven Wamble
|
0-0: Called Strike 0-1: Called Strike 0-2: Strikes out looking
|
Top of the 4th over - 0 runs, 0 hits, 0 errors, 0 left on base; Cincinnati (NYP) 0 - Rome 0 |
BOTTOM OF THE 4TH |
Rome Braves batting - Pitching for Cincinnati (NYP) Reds : RHP Tim Bant
|
Batting: RHB Gebre-Giorgios Wangondu
|
0-0: Called Strike 0-1: Called Strike 0-2: Strikes out swinging
|
Batting: LHB Tamaichi Sasada
|
0-0: Called Strike 0-1: Fly out, F6 (Line Drive, 6M, EV 71.9 MPH)
|
Batting: RHB Tim Molchan
|
0-0: Ball 1-0: Called Strike 1-1: Ground out U3 (Groundball, 3L, EV 90.0 MPH)
|
Bottom of the 4th over - 0 runs, 0 hits, 0 errors, 0 left on base; Cincinnati (NYP) 0 - Rome 0 |
TOP OF THE 5TH |
Cincinnati (NYP) Reds batting - Pitching for Rome Braves : RHP Jimmy Loudner
|
Batting: RHB John Galluzzo
|
0-0: Ball 1-0: SINGLE (Groundball, 56D, EV 101.2 MPH)
|
Batting: RHB Alex Villagomez
|
0-0: Ball 1-0: Ball 2-0: Ball 3-0: Base on Balls John Galluzzo to second
|
Batting: RHB Yasusaburo Kuwahara
|
0-0: Ball 1-0: Swinging Strike 1-1: Foul Ball, location: 2F 1-2: Strikes out swinging
|
Batting: RHB John Hopkins
|
0-0: Foul Ball, location: 2F 0-1: Foul Ball, location: 2F 0-2: Strikes out swinging
|
Batting: LHB Jeremy Robertson
|
0-0: Swinging Strike 0-1: Ball 1-1: Ball 2-1: Foul Ball, location: 2F 2-2: Strikes out swinging
|
Top of the 5th over - 0 runs, 1 hit, 0 errors, 2 left on base; Cincinnati (NYP) 0 - Rome 0 |
BOTTOM OF THE 5TH |
Rome Braves batting - Pitching for Cincinnati (NYP) Reds : RHP Tim Bant
|
Batting: RHB Costantino Dolfini
|
0-0: Ball 1-0: Ball 2-0: Foul Ball, location: 2F 2-1: Called Strike 2-2: Strikes out looking
|
Batting: RHB Dave Pizarro
|
0-0: Foul Ball, location: 2F 0-1: Foul Ball, location: 2F 0-2: SINGLE (Groundball, 5S, EV 63.1 MPH) (infield hit)
|
Batting: RHB Adonis Jenifer
|
0-0: Ball 1-0: Foul Ball, location: 2F 1-1: Foul Ball, location: 2F 1-2: Ball 2-2: Strikes out swinging
|
Batting: RHB Alex Campos
|
0-0: Ball Dave Pizarro is caught stealing 2nd base 2-4
|
Bottom of the 5th over - 0 runs, 1 hit, 0 errors, 0 left on base; Cincinnati (NYP) 0 - Rome 0 |
TOP OF THE 6TH |
Cincinnati (NYP) Reds batting - Pitching for Rome Braves : RHP Jimmy Loudner
|
Batting: LHB Jason Pirkle
|
0-0: Foul Ball, location: 2F 0-1: Swinging Strike 0-2: Foul Ball, location: 2F 0-2: Ball 1-2: Ball 2-2: Ball 3-2: Strikes out swinging
|
Batting: LHB Matt Kennedy
|
0-0: Ball 1-0: Ball 2-0: Foul Ball, location: 2F 2-1: Foul Ball, location: 2F 2-2: Foul Ball, location: 2F 2-2: Foul Ball, location: 2F 2-2: Ball 3-2: Fly out, F9 (Flyball, 9LS, EV 86.9 MPH)
|
Batting: RHB Pat McCoy
|
0-0: Called Strike 0-1: Ball 1-1: SINGLE (Line Drive, 56D, EV 110.6 MPH)
|
Batting: LHB Steven Wamble
|
0-0: Ball 1-0: Called Strike 1-1: Ball 2-1: Ball 3-1: Called Strike 3-2: Ground out 6-3 (Groundball, 6, EV 110.6 MPH)
|
Top of the 6th over - 0 runs, 1 hit, 0 errors, 1 left on base; Cincinnati (NYP) 0 - Rome 0 |
BOTTOM OF THE 6TH |
Rome Braves batting - Pitching for Cincinnati (NYP) Reds : RHP Tim Bant
|
Batting: RHB Alex Campos
|
0-0: Called Strike 0-1: SINGLE (Groundball, 4MD, EV 103.1 MPH)
|
Batting: RHB Tetsuro Sato
|
0-0: SINGLE (Groundball, 34D, EV 100.0 MPH) Alex Campos to second Runner from 2nd tries for 3rd, SAFE, throw by RF made to third
|
Batting: RHB Rafael Reyes
|
0-0: Ball 1-0: Ball 2-0: DOUBLE (Groundball, 5L, EV 102.5 MPH) Alex Campos scores Tetsuro Sato to third
|
Batting: RHB Gebre-Giorgios Wangondu
|
0-0: Swinging Strike 0-1: Ball 1-1: Swinging Strike 1-2: Ground out U3 (Groundball, 3, EV 84.4 MPH)
|
Batting: LHB Tamaichi Sasada
|
0-0: Called Strike 0-1: Fly out, F8 (Flyball, 8LD, EV 94.4 MPH) Runner from 3rd tags up, OUT at HOME! 8-2
|
Bottom of the 6th over - 1 run, 3 hits, 0 errors, 1 left on base; Cincinnati (NYP) 0 - Rome 1 |
TOP OF THE 7TH |
Cincinnati (NYP) Reds batting - Pitching for Rome Braves : RHP Jimmy Loudner
|
Pitching: RHP Jeremy Hurley
|
|
Batting: RHB John Galluzzo
|
0-0: Called Strike 0-1: Ball 1-1: Foul Ball, location: 2F 1-2: SINGLE (Groundball, 4D, EV 97.5 MPH)
|
Batting: RHB Alex Villagomez
|
0-0: Ball 1-0: Foul Ball, location: 2F 1-1: Swinging Strike 1-2: Ball 2-2: Ball 3-2: Foul Ball, location: 2F 3-2: SINGLE (Line Drive, 4MD, EV 100.0 MPH) John Galluzzo to second
|
Pinch Runner at 2nd Jake Savell:
|
|
Pinch Hitting: LHB Matthew Berry
|
0-0: Bunted foul 0-1: Bunt missed! 0-2: Fielders Choice at 2nd, 1-6 (Groundball, 34S, EV 65.0 MPH) Jake Savell to third
|
Batting: SHB Kristian Kristensen
|
0-0: Called Strike 0-1: Ball 1-1: Ball 2-1: Foul Ball, location: 2F 2-2: Ball 3-2: Foul Ball, location: 2F 3-2: Foul Ball, location: 2F 3-2: Grounds into double play, 4-6-3 (Groundball, 34, EV 104.4 MPH)
|
Top of the 7th over - 0 runs, 2 hits, 0 errors, 1 left on base; Cincinnati (NYP) 0 - Rome 1 |
BOTTOM OF THE 7TH |
Rome Braves batting - Pitching for Cincinnati (NYP) Reds : RHP Tim Bant
|
Now at 1B: Jake Savell
|
|
Now at SS: Juan Zamora
|
|
Batting: RHB Tim Molchan
|
0-0: Foul Ball, location: 2F 0-1: SINGLE (Groundball, 6MS, EV 65.6 MPH) (infield hit)
|
Batting: RHB Costantino Dolfini
|
0-0: Ball 1-0: Ball Wild Pitch! Tim Molchan to second 2-0: Called Strike 2-1: Ball 3-1: Called Strike 3-2: Strikes out swinging
|
Batting: RHB Dave Pizarro
|
0-0: Called Strike 0-1: Ground out 5-3 (Groundball, 56, EV 101.9 MPH)
|
Batting: RHB Adonis Jenifer
|
0-0: Ball 1-0: Called Strike 1-1: Called Strike 1-2: Ball 2-2: Strikes out swinging
|
Bottom of the 7th over - 0 runs, 1 hit, 0 errors, 1 left on base; Cincinnati (NYP) 0 - Rome 1 |
TOP OF THE 8TH |
Cincinnati (NYP) Reds batting - Pitching for Rome Braves : RHP Jeremy Hurley
|
Batting: LHB Jeremy Robertson
|
0-0: Ball 1-0: Called Strike 1-1: SINGLE (Flyball, 56D, EV 91.2 MPH)
|
Batting: LHB Jason Pirkle
|
0-0: Ball Jeremy Robertson steals 2nd base 1-0: SINGLE (Groundball, 4MD, EV 101.9 MPH) (infield hit) Jeremy Robertson to third
|
Batting: LHB Matt Kennedy
|
0-0: Foul Ball, location: 2F 0-1: Fly out, F9 (Flyball, 9D, EV 104.4 MPH) Runner from 3rd tags up, SCORES, throw by RF
|
Batting: RHB Pat McCoy
|
0-0: Swinging Strike 0-1: Called Strike 0-2: Ball 1-2: Ball 2-2: Strikes out swinging
|
Pitching: LHP Steve Young
|
|
Pinch Hitting: RHB Andy Bachman
|
0-0: Ball Jason Pirkle steals 2nd base 1-0: Swinging Strike 1-1: Swinging Strike 1-2: Ball 2-2: SINGLE (Groundball, 56D, EV 105.6 MPH) Jason Pirkle to third Runner from 3rd tries for Home, SAFE, throw by LF to home
|
Batting: RHB Jake Savell
|
0-0: Called Strike 0-1: Fly out, F7 (Line Drive, 7, EV 94.4 MPH)
|
Top of the 8th over - 2 runs, 3 hits, 0 errors, 1 left on base; Cincinnati (NYP) 2 - Rome 1 |
BOTTOM OF THE 8TH |
Rome Braves batting - Pitching for Cincinnati (NYP) Reds : RHP Tim Bant
|
Now at 3B: Jaivata Mohanty
|
|
Batting: RHB Alex Campos
|
0-0: Ball 1-0: Fly out, F7 (Flyball, 78S, EV 82.5 MPH)
|
Batting: RHB Terry Hughes
|
0-0: Called Strike 0-1: Swinging Strike 0-2: Ball 1-2: Foul Ball, location: 2F 1-2: Ground out 5-3 (Groundball, 56, EV 86.9 MPH)
|
Batting: RHB Rafael Reyes
|
0-0: Called Strike 0-1: SINGLE (Flyball, 56D, EV 92.5 MPH)
|
Batting: RHB Gebre-Giorgios Wangondu
|
0-0: Ball 1-0: Fly out, F7 (Flyball, 7LSF, EV 71.9 MPH)
|
Bottom of the 8th over - 0 runs, 1 hit, 0 errors, 1 left on base; Cincinnati (NYP) 2 - Rome 1 |
TOP OF THE 9TH |
Cincinnati (NYP) Reds batting - Pitching for Rome Braves : LHP Steve Young
|
Batting: RHB Alex Villagomez
|
0-0: Ball 1-0: SINGLE (Line Drive, 34D, EV 99.4 MPH)
|
Batting: RHB Juan Zamora
|
0-0: Ball 1-0: Bunt missed! 1-1: Sac Bunt to 2L - play at first, batter OUT! 2-4 Alex Villagomez to second
|
Batting: SHB Kristian Kristensen
|
0-0: Fly out, F8 (Flyball, 78M, EV 86.2 MPH)
|
Batting: LHB Jeremy Robertson
|
0-0: DOUBLE (Line Drive, 78D, EV 113.8 MPH) Alex Villagomez scores
|
Batting: LHB Jason Pirkle
|
0-0: Ball 1-0: Ball 2-0: Called Strike 2-1: Foul Ball, location: 2F 2-2: Ball 3-2: Strikes out swinging
|
Top of the 9th over - 1 run, 2 hits, 0 errors, 1 left on base; Cincinnati (NYP) 3 - Rome 1 |
BOTTOM OF THE 9TH |
Rome Braves batting - Pitching for Cincinnati (NYP) Reds : RHP Tim Bant
|
Pitching: RHP Taneo Kobayashi
|
|
Now in LF: Kevin Larsen
|
|
Batting: LHB Tamaichi Sasada
|
0-0: Ball 1-0: Ball 2-0: Foul Ball, location: 2F 2-1: Ground out 6-3 (Groundball, 4M, EV 85.6 MPH)
|
Batting: RHB Tim Molchan
|
0-0: Swinging Strike 0-1: Ball 1-1: DOUBLE (Line Drive, 9LM, EV 109.4 MPH)
|
Batting: RHB Costantino Dolfini
|
0-0: Called Strike 0-1: Ball 1-1: Ball 2-1: Foul Ball, location: 2F 2-2: Strikes out looking
|
Batting: RHB Dave Pizarro
|
0-0: Ground out 4-3 (Groundball, 4, EV 82.5 MPH)
|
Bottom of the 9th over - 0 runs, 1 hit, 0 errors, 1 left on base; Cincinnati (NYP) 3 - Rome 1 |
|